 Dungeon Crawl Stone Soup version 0.16.1-11-g651b585 (webtiles) character file.

31224 jacksonaction the Destroyer (level 13, -3/63 HPs)
             Began as a Deep Elf Conjurer on Apr 1, 2015.
             Was a High Priest of Vehumet.
             Engulfed by a cloud of freezing vapour (25 damage)
             ... in an ice cave.
             The game lasted 04:08:48 (19953 turns).

jacksonaction the Destroyer (Deep Elf Conjurer)    Turns: 19953, Time: 04:08:48

Health: -3/63      AC:  8    Str:  5    XL:     13   Next: 24%
Magic:  36/36      EV: 25    Int: 26    God:    Vehumet [*****.]
Gold:   496        SH:  0    Dex: 15    Spells: 11 memorised, 3 levels left

rFire  . . .     SeeInvis .     z - staff of conjuration
rCold  . . .     Clarity  .     Q - +2 robe {MR+}
rNeg   . . .     SustAb   .     (no shield)
rPois  .         Gourm    .     (no helmet)
rElec  .         Spirit   .     R - +2 cloak
rCorr  .         Warding  .     I - +0 pair of gloves
rMut   .         Stasis   .     (no boots)
MR     ++...                    A - amulet of regeneration
Stlth  ++++++....               X - ring of stealth
                                w - +5 ring of evasion

@: about to teleport, very resistant to hostile enchantments, very stealthy
A: no striking features
a: Renounce Religion


You were in an ice cave.
You worshipped Vehumet.
Vehumet was extremely pleased with you.
You were not hungry.

You visited 3 branches of the dungeon, and saw 15 of its levels.
You also visited: Ice Cave.

You collected 905 gold pieces.
You spent 409 gold pieces at shops.

Inventory:

Armour
 I - a +0 pair of gloves (worn)
 Q - a +2 robe of magic resistance (worn)
 R - a +2 cloak (worn)
Magical staves
 z - an uncursed staff of conjuration (weapon)
Jewellery
 w - a +5 ring of evasion (left hand)
 A - an amulet of regeneration (around neck)
 X - a ring of stealth (right hand)
Magical devices
 a - a wand of paralysis (5)
 e - a wand of disintegration (7)
 h - a wand of draining (8)
 y - a wand of confusion (22)
 D - a wand of draining (7)
 F - a wand of lightning (2)
 P - a wand of flame (28)
 T - a wand of cold (7)
 Y - a wand of fire (6)
Scrolls
 f - a scroll of teleportation
 g - 2 scrolls of blinking {unknown}
 j - 3 scrolls of amnesia
 l - a scroll of fog {unknown}
 o - a scroll of immolation {unknown}
 p - 4 scrolls of enchant armour
 v - 6 scrolls of recharging
 B - 5 scrolls of remove curse
 E - a scroll of fear {unknown}
 M - a scroll of silence {unknown}
 O - a scroll of acquirement {unknown}
Potions
 d - a potion of lignification {unknown}
 k - a potion of beneficial mutation {unknown}
 n - 2 potions of haste {unknown}
 q - a potion of ambrosia {unknown}
 s - a potion of brilliance {unknown}
 t - 2 potions of invisibility
 x - 3 potions of agility
 G - a potion of curing
 J - a potion of cure mutation {unknown}
 K - 2 potions of might {unknown}
 L - 2 potions of heal wounds {unknown}
 W - 2 potions of degeneration {unknown}
Books
 c - a book of Conjurations

   Spells                             Type                      Level
   a - Magic Dart                     Conjuration                  1
   b - Searing Ray                    Conjuration                  2
   c - Dazzling Spray                 Conjuration/Hexes            3
   d - Fulminant Prism                Conjuration/Hexes            4
   e - Iskenderun's Mystic Blast      Conjuration                  4
   f - Iskenderun's Battlesphere      Conjuration/Charms           5
 u - a book of Clouds

   Spells                             Type                      Level
   a - Mephitic Cloud                 Conjuration/Poison/Air       3
   b - Conjure Flame                  Conjuration/Fire             3
   c - Poisonous Cloud                Conjuration/Poison/Air       6
   d - Freezing Cloud                 Conjuration/Ice/Air          6
   e - Ring of Flames                 Charms/Fire                  7
Miscellaneous
 Z - a fan of gales
Comestibles
 b - 10 bread rations
 i - 6 meat rations
 m - 28 fruits
 r - a beef jerky


   Skills:
 - Level 12.0 Dodging
 - Level 12.0 Stealth
 - Level 13.1 Spellcasting
 - Level 14.1 Conjurations
 - Level 4.6 Charms
   Level 4.0 Transmutations
 + Level 6.3 Fire Magic
 - Level 2.0 Ice Magic
   Level 3.1 Earth Magic


You had 3 spell levels left.
You knew the following spells:

 Your Spells              Type           Power        Failure   Level  Hunger
a - Magic Dart            Conj           ####         0%          1    None
b - Searing Ray           Conj           ######       0%          2    None
c - Iskenderun's Mystic   Conj           #######.     1%          4    None
d - Iskenderun's Battles  Conj/Chrm      #######.     1%          5    ##.....
e - Sticky Flame          Conj/Fire      #######.     1%          4    None
f - Freeze                Ice            ####         1%          1    None
g - Throw Flame           Conj/Fire      ######       1%          2    None
h - Inner Flame           Hex/Fire       ####....     1%          3    None
i - Conjure Flame         Conj/Fire      #######.     1%          3    None
j - Mephitic Cloud        Conj/Pois/Air  ######..     1%          3    None
k - Orb of Destruction    Conj           #######...   3%          7    ######.


Dungeon Overview and Level Annotations

Branches:
Dungeon (10/15)            Temple (1/1) D:6            Lair (4/8) D:10
  Swamp: Lair:3-6    Shoals: Lair:3-6     Snake: Lair:3-6    Spider: Lair:3-6
    Orc: D:9-12

Altars:
Ashenzari
Cheibriados
Dithmenos
Elyvilon
Fedhas
Gozag
Kikubaaqudgha
Makhleb
Nemelex Xobeh
Okawaru
Qazlal
Ru
Sif Muna
Trog
Vehumet
Xom
Yredelemnul
Zin
The Shining One

Shops:
D:5 [   D:7 %   D:8 =   D:9 *

Annotations:
D:3 Madness1011's ghost, average OgWn
D:10 Psyche


Message History

HP restored.
You swap places.
You enter the shallow water.
Moving in this stuff is going to be slow.
Magic restored.
You swap places.
Your battlesphere wavers and loses cohesion.
Found a polar bear corpse.
You are engulfed in freezing vapours. 2 death yaks, 4 polar bears and a frost giant come into view.
You are engulfed in freezing vapours.
Read which item? (? for menu, Esc to quit)
As you read the scroll of teleportation, it crumbles to dust.
You feel strangely unstable.
You are engulfed in freezing vapours.
* * * LOW HITPOINT WARNING * * *
The polar bear growls angrily.
A polar bear comes into view.
Drink which item? (? for menu, Esc to quit)
You feel better.
You are engulfed in freezing vapours.
You die...

*** ########## **,*
**#§†@##§§§#######*,*,
**#.§§##§§§##...#..#,***
**#Yh..**########..#,,####
*,h.Y.**≈≈≈≈≈≈*#..#####.≈≈
*,hhh**≈≈≈≈≈≈≈≈##..##..≈#≈
***C,,***≈≈≈≈≈≈≈###..§##≈≈
**,,,*****≈≈≈≈≈≈#####≈≈≈
****,,,,*******≈≈≈#≈≈#≈≈
**,*,**,,,*,,,∩**≈≈≈≈≈≈≈≈


You could see a frost giant (wandering), 2 death yaks and 5 polar bears.

Vanquished Creatures
  Gastronok (D:10)
  3 hydras
  Harold (Lair:3)
  2 death yaks (IceCv)
  The ghost of sugabear the Shield-Bearer, an experienced GrFi of Qazlal (D:9)
  An ice statue (IceCv)
  A hill giant (D:10)
  3 lindwurms (Lair:2)
  Pikel (D:7)
  Joseph (D:8)
  2 centaur zombies (D:10)
  A gargoyle (D:10)
  3 spiny frogs (Lair:3)
  2 fire drakes (Lair:3)
  3 komodo dragons (Lair:3)
  A tengu conjurer (D:10)
  11 polar bears (IceCv)
  The ghost of GeneralIdiocy the Insei, an average DsGl (D:5)
  A two-headed ogre (D:8)
  Prince Ribbit (D:6)
  A basilisk (Lair:1)
  5 blink frogs
  2 hungry ghosts
  2 hippogriffs
  34 yaks
  A deep elf fighter (D:10)
  16 wolves
  Edmund (D:4)
  Menkaure (D:5)
  11 water moccasins
  4 ice beasts
  4 sky beasts
  2 black bears
  4 phantoms
  3 porcupines
  3 orc warriors
  7 ogres
  5 centaurs
  4 big kobolds
  Sigmund (D:7)
  Duvessa (D:4)
  4 crocodiles
  20 giant frogs
  16 wights
  4 scorpions
  6 hounds
  Dowan (D:4)
  3 goliath beetles
  7 crimson imps
  A giant frog zombie (D:6)
  2 jellies
  2 giant frog skeletons
  7 orc priests
  6 iguanas
  A gnoll shaman (D:7)
  4 worker ants
  5 orc wizards
  2 sheep (D:8)
  Ijyb (D:5)
  A hound zombie (D:8)
  2 hound skeletons
  A mummy (D:9)
  15 adders
  9 gnolls
  25 river rats
  2 shadow imps (D:8)
  3 worms
  2 giant mites
  13 white imps
  An adder zombie (D:7)
  36 orcs
  9 giant cockroaches
  16 goblins
  15 hobgoblins
  8 jackals
  18 kobolds
  3 oozes
  8 quokkas
  6 ball pythons
  23 bats
  A giant cockroach zombie (D:6)
  5 giant geckos
  6 giant newts
  A giant spore (D:9)
  A jackal skeleton (D:4)
  2 quokka skeletons
  23 rats
  4 ballistomycetes (D:9)
504 creatures vanquished.

Vanquished Creatures (others)
  3 polar bears (IceCv)
  2 yaks (IceCv)
  A hippogriff (Lair:3)
  A worker ant (D:7)
  2 orcs (D:9)
  A giant spore (D:9)
  A bush (Lair:3)
  A plant (Lair:3)
12 creatures vanquished.

Grand Total: 516 creatures vanquished

Notes
Turn   | Place    | Note
--------------------------------------------------------------
     0 | D:1      | jacksonaction, the Deep Elf Conjurer, began the quest for the Orb.
     0 | D:1      | Reached XP level 1. HP: 10/10 MP: 5/5
   235 | D:1      | Reached XP level 2. HP: 15/15 MP: 6/8
   256 | D:1      | Learned a level 2 spell: Searing Ray
   268 | D:1      | Reached skill level 5 in Conjurations
  1188 | D:1      | Reached XP level 3. HP: 19/19 MP: 7/10
  1216 | D:1      | Learned a level 3 spell: Dazzling Spray
  1369 | D:2      | Found a snail-covered altar of Cheibriados.
  1695 | D:2      | Reached skill level 6 in Conjurations
  1725 | D:2      | Reached XP level 4. HP: 24/24 MP: 7/13
  2552 | D:3      | Noticed Madness1011's ghost (average OgWn)
  2946 | D:3      | Found a bloodstained altar of Trog.
  3367 | D:4      | Reached XP level 5. HP: 26/28 MP: 8/18
  3374 | D:4      | Learned a level 5 spell: Iskenderun's Battlesphere
  3468 | D:4      | Noticed Edmund
  3481 | D:4      | Noticed Duvessa
  3481 | D:4      | Noticed Dowan
  3483 | D:4      | Found a shadowy altar of Dithmenos.
  3653 | D:4      | Noticed a phantom
  3708 | D:4      | Reached skill level 7 in Conjurations
  3708 | D:4      | Reached skill level 1 in Charms
  3889 | D:4      | Killed Duvessa
  3889 | D:4      | Reached XP level 6. HP: 19/32 MP: 15/20
  4021 | D:4      | Killed a phantom
  4180 | D:4      | Killed Edmund
  4180 | D:4      | Reached skill level 8 in Conjurations
  4399 | D:4      | Reached XP level 7. HP: 31/36 MP: 15/21
  4607 | D:4      | Found an opulent altar of Gozag.
  5416 | D:4      | Killed Dowan
  5569 | D:4      | Reached skill level 9 in Conjurations
  5597 | D:4      | Found a blossoming altar of Fedhas.
  6076 | D:5      | Entered Level 5 of the Dungeon
  6076 | D:5      | Found Teant's Armour Boutique.
  6289 | D:5      | Noticed Menkaure
  6298 | D:5      | Killed Menkaure
  6359 | D:5      | Learned a level 3 spell: Passwall
  6663 | D:5      | Reached skill level 1 in Transmutations
  6663 | D:5      | Reached XP level 8. HP: 41/41 MP: 17/23
  6704 | D:5      | Noticed GeneralIdiocy's ghost (average DsGl)
  7058 | D:5      | Noticed Ijyb
  7063 | D:5      | Killed Ijyb
  7245 | D:5      | Killed GeneralIdiocy's ghost
  7245 | D:5      | Reached skill level 10 in Conjurations
  8058 | D:6      | Found a staircase to the Ecumenical Temple.
  8066 | Temple   | Entered the Ecumenical Temple
  8135 | Temple   | Became a worshipper of Vehumet
  8151 | D:6      | Reached skill level 11 in Conjurations
  8526 | D:6      | Reached skill level 5 in Stealth
  8551 | D:6      | Reached skill level 5 in Spellcasting
  8676 | D:6      | Found a sparkling altar of Nemelex Xobeh.
  8789 | D:6      | Noticed Prince Ribbit
  8792 | D:6      | Killed Prince Ribbit
  8792 | D:6      | Reached XP level 9. HP: 45/45 MP: 16/25
  9229 | D:6      | Acquired Vehumet's first power
  9229 | D:6      | Offered knowledge of Freeze by Vehumet.
  9267 | D:6      | Learned a level 1 spell: Freeze
  9642 | D:5      | Bought a +2 robe of magic resistance for 247 gold pieces
  9868 | D:7      | Noticed Sigmund
  9874 | D:7      | Killed Sigmund
 10320 | D:7      | Reached skill level 5 in Dodging
 10583 | D:7      | Offered knowledge of Throw Flame by Vehumet.
 10587 | D:7      | Learned a level 2 spell: Throw Flame
 10593 | D:7      | Found Jemueh's Food Boutique.
 10610 | D:7      | Found a shattered altar of Ashenzari.
 10610 | D:7      | Found a deep blue altar of Sif Muna.
 10611 | D:7      | Found a burning altar of Makhleb.
 10612 | D:7      | Found a sparkling altar of Nemelex Xobeh.
 10643 | D:7      | Noticed Pikel
 10653 | D:7      | Killed Pikel
 10747 | D:7      | Reached XP level 10. HP: 50/50 MP: 19/28
 11361 | D:8      | Noticed Joseph
 11374 | D:8      | Killed Joseph
 11376 | D:8      | Reached skill level 12 in Conjurations
 11588 | D:8      | Found Grexesei's Jewellery Shop.
 11608 | D:8      | Bought a cursed amulet of inaccuracy for 24 gold pieces
 11778 | D:8      | Reached skill level 13 in Conjurations
 11815 | D:8      | Noticed a three-headed hydra
 11834 | D:8      | Killed a three-headed hydra
 11836 | D:8      | Offered knowledge of Inner Flame by Vehumet.
 12060 | D:8      | Learned a level 3 spell: Inner Flame
 12518 | D:8      | Reached skill level 14 in Conjurations
 12881 | D:9      | Reached XP level 11. HP: 54/54 MP: 12/29
 13003 | D:9      | Reached skill level 10 in Stealth
 13140 | D:9      | Found Kalong's Assorted Antiques.
 13195 | D:9      | Bought a scroll of identify for 46 gold pieces
 13195 | D:9      | Bought a scroll of identify for 46 gold pieces
 13195 | D:9      | Bought a scroll labeled CRI SKEQIF for 23 gold pieces
 13195 | D:9      | Bought a scroll labeled SIMENU HUSOH for 23 gold pieces
 13204 | D:9      | Acquired Vehumet's second power
 13370 | D:9      | Noticed sugabear's ghost (experienced GrFi)
 13388 | D:9      | Killed sugabear's ghost
 13658 | D:9      | Reached skill level 1 in Earth Magic
 13861 | D:9      | Offered knowledge of Conjure Flame by Vehumet.
 13982 | D:10     | Entered Level 10 of the Dungeon
 14329 | D:10     | Learned a level 3 spell: Conjure Flame
 14375 | D:10     | Noticed Psyche
 14394 | D:10     | Noticed a hill giant
 14535 | D:10     | Killed a hill giant
 14699 | D:10     | Learned a level 3 spell: Mephitic Cloud
 14752 | D:10     | Acquired Vehumet's third power
 14948 | D:10     | Noticed Gastronok
 14963 | D:10     | Killed Gastronok
 15141 | D:10     | Found a staircase to the Lair.
 15183 | Lair:1   | Entered Level 1 of the Lair of Beasts
 15203 | Lair:1   | Reached skill level 10 in Dodging
 15244 | Lair:1   | Offered knowledge of Force Lance by Vehumet.
 15399 | Lair:1   | Reached XP level 12. HP: 59/59 MP: 27/32
 15849 | Lair:1   | Offered knowledge of Orb of Destruction by Vehumet.
 16586 | Lair:2   | Noticed an eight-headed hydra
 16647 | Lair:3   | Reached skill level 10 in Spellcasting
 17575 | Lair:2   | Killed an eight-headed hydra
 17651 | Lair:2   | Learned a level 7 spell: Orb of Destruction
 17754 | Lair:2   | Learned a level 4 spell: Iskenderun's Mystic Blast
 17849 | Lair:2   | Reached skill level 1 in Fire Magic
 17897 | Lair:3   | Noticed Harold
 17946 | Lair:3   | Killed Harold
 18293 | Lair:3   | Reached skill level 5 in Fire Magic
 18629 | Lair:3   | Noticed a five-headed hydra
 18644 | Lair:3   | Killed a five-headed hydra
 18791 | Lair:4   | Found a frozen archway.
 18802 | Lair:4   | Offered knowledge of Sticky Flame by Vehumet.
 18934 | IceCv    | Entered an ice cave
 19215 | IceCv    | Learned a level 4 spell: Sticky Flame
 19219 | IceCv    | Reached XP level 13. HP: 63/63 MP: 34/35
 19951 | IceCv    | Noticed a frost giant
 19953 | IceCv    | Engulfed by a cloud of freezing vapour

Action                   |  1- 3 |  4- 6 |  7- 9 | 10-12 | 13-15 || total
-------------------------+-------+-------+-------+-------+-------++-------
Melee: Unarmed           |       |     1 |       |       |       ||     1
       Staff             |       |       |       |    37 |       ||    37
Throw: Stone             |     2 |     1 |       |       |       ||     3
 Cast: Magic Dart        |    75 |   103 |   291 |   583 |    66 ||  1118
       Searing Ray       |     3 |    14 |    23 |    10 |       ||    50
       Iskenderun's Batt |       |       |    21 |    92 |    16 ||   129
       Freeze            |       |       |     2 |    12 |     1 ||    15
       Throw Flame       |       |       |     2 |    11 |     2 ||    15
       Mephitic Cloud    |       |       |       |    11 |     7 ||    18
       Conjure Flame     |       |       |       |     2 |     1 ||     3
       Orb of Destructio |       |       |       |     2 |       ||     2
       Passwall          |       |       |       |     1 |       ||     1
       Inner Flame       |       |       |       |     1 |       ||     1
       Sticky Flame      |       |       |       |       |     3 ||     3
Evoke: Wand              |       |       |     6 |     1 |       ||     7
  Use: Scroll            |       |       |     3 |    18 |     1 ||    22
       Potion            |       |       |       |     4 |     2 ||     6
  Eat: Chunk             |     2 |     8 |    14 |    23 |     3 ||    50
       Fruit             |       |     1 |     3 |     1 |       ||     5
       Meat ration       |       |       |     2 |     2 |       ||     4
       Pizza             |       |       |       |     7 |       ||     7
       Beef jerky        |       |       |       |     2 |       ||     2
